| TOP OF THE 1ST |
|
Los Angeles Dodgers batting - Pitching for San Francisco Giants : RHP Keith Kidd
|
|
Pitching: RHP Keith Kidd
|
|
|
Batting: RHB Clay Buchanan
|
0-0: Foul Ball, location: 2F 0-1: Called Strike 0-2: DOUBLE (Flyball, 9LD, EV 102.5 MPH)
|
|
Batting: RHB Tsutomu Irie
|
0-0: Called Strike 0-1: Foul Ball, location: 2F 0-2: Ground out 3-1 (Groundball, 34, EV 104.4 MPH) Clay Buchanan to third
|
|
Batting: LHB Lirak Bazhunaishvili
|
0-0: Called Strike 0-1: Called Strike 0-2: Ball 1-2: Foul Ball, location: 2F 1-2: Strikes out looking
|
|
Batting: SHB Shane Marcum
|
0-0: Ball 1-0: Ball 2-0: Called Strike 2-1: Called Strike 2-2: Ground out 6-3 (Groundball, 6M, EV 85.0 MPH)
|
| Top of the 1st over - 0 runs, 1 hit, 0 errors, 1 left on base; Los Angeles 0 - San Francisco 0 |
| BOTTOM OF THE 1ST |
|
San Francisco Giants batting - Pitching for Los Angeles Dodgers : RHP John Bialon
|
|
Pitching: RHP John Bialon
|
|
|
Batting: RHB Nick Rigden
|
0-0: Ground out 5-3 (Groundball, 56, EV 78.8 MPH)
|
|
Pitching: LHP J.P. Blair
|
|
|
Batting: SHB Ryan Doss
|
0-0: Called Strike 0-1: Ball 1-1: Foul Ball, location: 2F 1-2: Ball 2-2: Fly out, F6 (Line Drive, 6, EV 68.1 MPH)
|
|
Batting: RHB Sean Zielinski
|
0-0: Fly out, F9 (Flyball, 89M, EV 79.4 MPH)
|
| Bottom of the 1st over - 0 runs, 0 hits, 0 errors, 0 left on base; Los Angeles 0 - San Francisco 0 |
| TOP OF THE 2ND |
|
Los Angeles Dodgers batting - Pitching for San Francisco Giants : RHP Keith Kidd
|
|
Batting: LHB Juan Concepcion
|
0-0: Swinging Strike 0-1: Swinging Strike 0-2: Ball 1-2: Strikes out swinging
|
|
Batting: RHB Danny Dyer
|
0-0: Ball 1-0: Ball 2-0: Called Strike 2-1: Ball 3-1: Foul Ball, location: 2F 3-2: Base on Balls
|
|
Batting: SHB Joel Baker
|
0-0: Ball 1-0: Ball 2-0: Called Strike 2-1: Called Strike 2-2: Foul Ball, location: 2F 2-2: Strikes out swinging
|
|
Batting: RHB Ben Mischnick
|
0-0: Ball 1-0: SINGLE (Flyball, 6MD, EV 94.4 MPH) Danny Dyer to second
|
|
Batting: RHB Wing-kit Bu
|
0-0: Swinging Strike 0-1: Ball 1-1: Fielders Choice at 2nd, 6-4 (Groundball, 6, EV 108.1 MPH)
|
| Top of the 2nd over - 0 runs, 1 hit, 0 errors, 2 left on base; Los Angeles 0 - San Francisco 0 |
| BOTTOM OF THE 2ND |
|
San Francisco Giants batting - Pitching for Los Angeles Dodgers : LHP J.P. Blair
|
|
Batting: LHB Tom Best
|
0-0: Foul Ball, location: 2F 0-1: Fly out, F9 (Flyball, 89M, EV 87.5 MPH)
|
|
Batting: RHB Nate Hodson
|
0-0: Ball 1-0: SINGLE (Groundball, 5S, EV 70.0 MPH) (infield hit)
|
|
Batting: LHB John Blair
|
0-0: Called Strike 0-1: Ball 1-1: Foul Ball, location: 2F 1-2: Ball 2-2: Strikes out looking
|
|
Batting: RHB Bill Defazio
|
0-0: 2-RUN HOME RUN (Flyball, 7LD, EV 96.2 MPH), Distance : 359 ft
|
|
Batting: RHB John Creel
|
0-0: Called Strike 0-1: Foul Ball, location: 2F 0-2: Ball 1-2: Strikes out looking
|
| Bottom of the 2nd over - 2 runs, 2 hits, 0 errors, 0 left on base; Los Angeles 0 - San Francisco 2 |
| TOP OF THE 3RD |
|
Los Angeles Dodgers batting - Pitching for San Francisco Giants : RHP Keith Kidd
|
|
Batting: RHB Clay Buchanan
|
0-0: Ground out 4-3 (Groundball, 4, EV 90.6 MPH)
|
|
Batting: RHB Tsutomu Irie
|
0-0: Foul Ball, location: 2F 0-1: Fly out, F4 (Popup, 4, EV 73.8 MPH)
|
|
Batting: LHB Lirak Bazhunaishvili
|
0-0: Swinging Strike 0-1: Ball 1-1: Swinging Strike 1-2: Ball 2-2: Strikes out looking
|
| Top of the 3rd over - 0 runs, 0 hits, 0 errors, 0 left on base; Los Angeles 0 - San Francisco 2 |
| BOTTOM OF THE 3RD |
|
San Francisco Giants batting - Pitching for Los Angeles Dodgers : LHP J.P. Blair
|
|
Batting: LHB Ryan Braden
|
0-0: Ball 1-0: Fly out, F7 (Flyball, 7D, EV 101.2 MPH)
|
|
Batting: RHB Nick Rigden
|
0-0: Called Strike 0-1: Swinging Strike 0-2: Ball 1-2: Foul Ball, location: 2F 1-2: Foul Ball, location: 2F 1-2: Ball 2-2: SOLO HOME RUN (Flyball, 7LD, EV 96.9 MPH), Distance : 387 ft
|
|
Pitching: RHP Nate Allen
|
|
|
Batting: SHB Ryan Doss
|
0-0: Ball 1-0: Ball 2-0: Fly out, F3 (Line Drive, 3, EV 68.8 MPH)
|
|
Batting: RHB Sean Zielinski
|
0-0: SINGLE (Groundball, 56D, EV 104.4 MPH)
|
|
Batting: LHB Tom Best
|
0-0: Called Strike Sean Zielinski steals 2nd base (no throw) 0-1: Ball 1-1: Ball 2-1: Called Strike 2-2: Strikes out swinging
|
| Bottom of the 3rd over - 1 run, 2 hits, 0 errors, 1 left on base; Los Angeles 0 - San Francisco 3 |
| TOP OF THE 4TH |
|
Los Angeles Dodgers batting - Pitching for San Francisco Giants : RHP Keith Kidd
|
|
Batting: SHB Shane Marcum
|
0-0: Ball 1-0: Ball 2-0: DOUBLE (Groundball, 3L, EV 106.2 MPH)
|
|
Batting: LHB Juan Concepcion
|
0-0: Ball 1-0: Called Strike 1-1: Ball 2-1: Ball 3-1: Called Strike 3-2: Base on Balls
|
|
Batting: RHB Danny Dyer
|
0-0: Called Strike 0-1: Swinging Strike 0-2: Fly out, F7 (Line Drive, 78D, EV 83.1 MPH) Runner from 2nd tags up, OUT at 3rd! 7-5
|
|
Batting: SHB Joel Baker
|
0-0: Fly out, F9 (Line Drive, 89M, EV 89.4 MPH)
|
| Top of the 4th over - 0 runs, 1 hit, 0 errors, 1 left on base; Los Angeles 0 - San Francisco 3 |
| BOTTOM OF THE 4TH |
|
San Francisco Giants batting - Pitching for Los Angeles Dodgers : RHP Nate Allen
|
|
Batting: RHB Nate Hodson
|
0-0: Called Strike 0-1: Ball 1-1: Swinging Strike 1-2: Ball 2-2: Strikes out swinging
|
|
Batting: LHB John Blair
|
0-0: Called Strike 0-1: Ball 1-1: Swinging Strike 1-2: Foul Ball, location: 2F 1-2: SINGLE (Groundball, 34D, EV 96.2 MPH)
|
|
Batting: RHB Bill Defazio
|
0-0: Ball 1-0: Ball 2-0: SINGLE (Line Drive, 4M, EV 101.2 MPH) John Blair to second
|
|
Batting: RHB John Creel
|
0-0: Ball 1-0: Called Strike 1-1: Ball 2-1: Ball 3-1: Foul Ball, location: 2F 3-2: Strikes out looking
|
|
Batting: LHB Ryan Braden
|
0-0: Ball 1-0: Called Strike 1-1: Foul Ball, location: 2F 1-2: Ball 2-2: Fly out, F6 (Popup, 15, EV 73.8 MPH)
|
| Bottom of the 4th over - 0 runs, 2 hits, 0 errors, 2 left on base; Los Angeles 0 - San Francisco 3 |
| TOP OF THE 5TH |
|
Los Angeles Dodgers batting - Pitching for San Francisco Giants : RHP Keith Kidd
|
|
Batting: RHB Ben Mischnick
|
0-0: Foul Ball, location: 2F 0-1: SOLO HOME RUN (Line Drive, 7D, EV 98.1 MPH), Distance : 383 ft
|
|
Batting: RHB Wing-kit Bu
|
0-0: Ball 1-0: Ball 2-0: Foul Ball, location: 2F 2-1: Ball 3-1: Base on Balls
|
|
Batting: RHB Clay Buchanan
|
0-0: Called Strike 0-1: SINGLE (Groundball, 6MD, EV 102.5 MPH) Wing-kit Bu to second
|
|
Batting: RHB Tsutomu Irie
|
0-0: Ball 1-0: Ball 2-0: Ball 3-0: Called Strike 3-1: SINGLE (Groundball, 56S, EV 69.4 MPH) (infield hit) Wing-kit Bu to third Clay Buchanan to second
|
|
Batting: LHB Lirak Bazhunaishvili
|
0-0: Ball 1-0: Called Strike 1-1: SINGLE (Flyball, 4D, EV 93.1 MPH) Wing-kit Bu scores Clay Buchanan to third Tsutomu Irie to second Runner from 3rd tries for Home, throw by CF and OUT! 8-2
|
|
Batting: SHB Shane Marcum
|
0-0: Ball Tsutomu Irie steals 3rd base Lirak Bazhunaishvili to second 1-0: Called Strike 1-1: Ground out 4-3 (Groundball, 4, EV 84.4 MPH)
|
|
Batting: LHB Juan Concepcion
|
0-0: Called Strike 0-1: Ball 1-1: Ball 2-1: Ball 3-1: Base on Balls
|
|
Batting: RHB Danny Dyer
|
0-0: Swinging Strike 0-1: Fielders Choice at 2nd, 6-4 (Groundball, 6, EV 88.8 MPH)
|
| Top of the 5th over - 2 runs, 4 hits, 0 errors, 3 left on base; Los Angeles 2 - San Francisco 3 |
| BOTTOM OF THE 5TH |
|
San Francisco Giants batting - Pitching for Los Angeles Dodgers : RHP Nate Allen
|
|
Batting: RHB Nick Rigden
|
0-0: Ball 1-0: Ball 2-0: Swinging Strike 2-1: Fly out, F8 (Line Drive, 8RM, EV 85.0 MPH)
|
|
Batting: SHB Ryan Doss
|
0-0: Swinging Strike 0-1: Swinging Strike 0-2: Ball 1-2: Fly out, F9 (Flyball, 9LS, EV 80.0 MPH)
|
|
Pitching: RHP Nick Harmon
|
|
|
Batting: RHB Sean Zielinski
|
0-0: Ball 1-0: Foul Ball, location: 2F 1-1: Swinging Strike 1-2: Ball 2-2: Foul Ball, location: 2F 2-2: Strikes out looking
|
| Bottom of the 5th over - 0 runs, 0 hits, 0 errors, 0 left on base; Los Angeles 2 - San Francisco 3 |
| TOP OF THE 6TH |
|
Los Angeles Dodgers batting - Pitching for San Francisco Giants : RHP Keith Kidd
|
|
Batting: SHB Joel Baker
|
0-0: Called Strike 0-1: Foul Ball, location: 2F 0-2: Ball 1-2: Ball 2-2: Ball 3-2: Fly out, F4 (Flyball, 34D, EV 88.8 MPH)
|
|
Batting: RHB Ben Mischnick
|
0-0: SINGLE (Groundball, 6M, EV 104.4 MPH)
|
|
Batting: RHB Wing-kit Bu
|
0-0: TRIPLE (Flyball, 7D, EV 97.5 MPH) Ben Mischnick scores
|
|
Batting: RHB Clay Buchanan
|
0-0: Intentional Walk
|
|
DELAY
|
Rain delay of 44 minutes in the 6th inning.
|
|
Pitching: RHP Alex Montes
|
|
|
Batting: RHB Tsutomu Irie
|
0-0: Fly out, F2 (Popup, 15S, EV 91.2 MPH)
|
|
Batting: LHB Lirak Bazhunaishvili
|
0-0: Ball 1-0: Ball 2-0: Ball 3-0: Called Strike 3-1: Called Strike 3-2: SINGLE (Groundball, 13, EV 80.6 MPH) (infield hit) Wing-kit Bu scores Clay Buchanan to second
|
|
Batting: SHB Shane Marcum
|
0-0: Ball 1-0: Called Strike 1-1: Foul Ball, location: 2F 1-2: Strikes out swinging
|
| Top of the 6th over - 2 runs, 3 hits, 0 errors, 2 left on base; Los Angeles 4 - San Francisco 3 |
| BOTTOM OF THE 6TH |
|
San Francisco Giants batting - Pitching for Los Angeles Dodgers : RHP Nick Harmon
|
|
Batting: LHB Tom Best
|
0-0: Ball 1-0: Ball 2-0: Ball 3-0: Called Strike 3-1: Foul Ball, location: 2F 3-2: Foul Ball, location: 2F 3-2: Strikes out swinging
|
|
Batting: LHB Carey Horncole
|
0-0: Called Strike 0-1: Ball 1-1: Ball 2-1: Foul Ball, location: 2F 2-2: Fly out, F9 (Flyball, 9S, EV 90.0 MPH)
|
|
Batting: LHB John Blair
|
0-0: Called Strike 0-1: Ball 1-1: Ground out 4-3 (Groundball, 4M, EV 90.0 MPH)
|
| Bottom of the 6th over - 0 runs, 0 hits, 0 errors, 0 left on base; Los Angeles 4 - San Francisco 3 |
| TOP OF THE 7TH |
|
Los Angeles Dodgers batting - Pitching for San Francisco Giants : RHP Alex Montes
|
|
Batting: LHB Juan Concepcion
|
0-0: Ball 1-0: Ball 2-0: Foul Ball, location: 2F 2-1: Foul Ball, location: 2F 2-2: Foul Ball, location: 2F 2-2: Ball 3-2: Base on Balls
|
|
Batting: RHB Danny Dyer
|
0-0: Called Strike Juan Concepcion steals 2nd base (no throw) 0-1: Called Strike 0-2: Foul Ball, location: 2F 0-2: Strikes out swinging
|
|
Batting: SHB Joel Baker
|
0-0: Intentional Walk
|
|
Batting: RHB Ben Mischnick
|
0-0: Ball 1-0: Grounds into double play, 3-6-1 (Groundball, 34, EV 78.8 MPH)
|
| Top of the 7th over - 0 runs, 0 hits, 0 errors, 1 left on base; Los Angeles 4 - San Francisco 3 |
| BOTTOM OF THE 7TH |
|
San Francisco Giants batting - Pitching for Los Angeles Dodgers : RHP Nick Harmon
|
|
Now at 1B: John Piccolo
|
|
|
Batting: RHB Bill Defazio
|
0-0: Called Strike 0-1: Foul Ball, location: 2F 0-2: Ball 1-2: Fly out, F8 (Flyball, 89M, EV 75.6 MPH)
|
|
Batting: RHB John Creel
|
0-0: Called Strike 0-1: Ball 1-1: Called Strike 1-2: Strikes out swinging
|
|
Batting: LHB Ryan Braden
|
0-0: Ball 1-0: Foul Ball, location: 2F 1-1: Ground out 4-3 (Groundball, 4, EV 83.1 MPH)
|
| Bottom of the 7th over - 0 runs, 0 hits, 0 errors, 0 left on base; Los Angeles 4 - San Francisco 3 |
| TOP OF THE 8TH |
|
Los Angeles Dodgers batting - Pitching for San Francisco Giants : RHP Alex Montes
|
|
Pitching: RHP Filip Nebylitsin
|
|
|
Batting: RHB Wing-kit Bu
|
0-0: Ball 1-0: Ball 2-0: Called Strike 2-1: Swinging Strike 2-2: Ball 3-2: Base on Balls
|
|
Batting: RHB Clay Buchanan
|
0-0: Fly out, F4 (Flyball, 4D, EV 85.0 MPH)
|
|
Batting: RHB Tsutomu Irie
|
0-0: Ball Wing-kit Bu steals 2nd base (no throw) 1-0: Foul Ball, location: 2F 1-1: Ball 2-1: Ground out 5-3 (Groundball, 56S, EV 91.9 MPH)
|
|
Batting: LHB Lirak Bazhunaishvili
|
0-0: Foul Ball, location: 2F 0-1: Ball 1-1: Foul Ball, location: 2F 1-2: Ball 2-2: Ball 3-2: Foul Ball, location: 2F 3-2: Ground out 4-3 (Groundball, 4, EV 85.6 MPH)
|
| Top of the 8th over - 0 runs, 0 hits, 0 errors, 1 left on base; Los Angeles 4 - San Francisco 3 |
| BOTTOM OF THE 8TH |
|
San Francisco Giants batting - Pitching for Los Angeles Dodgers : RHP Nick Harmon
|
|
Pitching: RHP Jon Harris
|
|
|
Pinch Hitting: LHB Jack Henningar
|
0-0: Called Strike 0-1: Foul Ball, location: 2F 0-2: Ball 1-2: Foul Ball, location: 2F 1-2: SINGLE (Groundball, 25, EV 64.4 MPH) (infield hit)
|
|
Batting: SHB Ryan Doss
|
0-0: Foul Ball, location: 2F 0-1: Ball 1-1: Ball 2-1: Bunted foul 2-2: Ball 3-2: Strikes out swinging
|
|
Batting: RHB Sean Zielinski
|
0-0: Foul Ball, location: 2F 0-1: Called Strike 0-2: Foul Ball, location: 2F 0-2: DOUBLE (Line Drive, 9LS, EV 98.1 MPH) Jack Henningar to third Runner from 3rd tries for Home, SAFE, throw by RF to home
|
|
Batting: LHB Tom Best
|
0-0: Called Strike 0-1: Swinging Strike 0-2: Fly out, F9 (Flyball, 9, EV 95.6 MPH)
|
|
Batting: LHB Carey Horncole
|
0-0: Intentional Walk
|
|
Batting: LHB John Blair
|
0-0: Ball 1-0: Swinging Strike 1-1: Called Strike 1-2: Strikes out swinging
|
| Bottom of the 8th over - 1 run, 2 hits, 0 errors, 2 left on base; Los Angeles 4 - San Francisco 4 |
| TOP OF THE 9TH |
|
Los Angeles Dodgers batting - Pitching for San Francisco Giants : RHP Filip Nebylitsin
|
|
Pitching: RHP Andrew Kindig
|
|
|
Now at 1B: Jack Henningar
|
|
|
Batting: SHB Shane Marcum
|
0-0: Ball 1-0: Swinging Strike 1-1: Swinging Strike 1-2: Strikes out swinging, 2-3 out at first.
|
|
Batting: LHB Juan Concepcion
|
0-0: Ball 1-0: Ball 2-0: Ball 3-0: Called Strike 3-1: Base on Balls
|
|
Batting: RHB John Piccolo
|
0-0: Called Strike 0-1: Ball 1-1: Ball 2-1: Ball 3-1: Base on Balls Juan Concepcion to second
|
|
Batting: SHB Joel Baker
|
0-0: Called Strike 0-1: Swinging Strike 0-2: Strikes out swinging
|
|
Batting: RHB Ben Mischnick
|
0-0: Called Strike 0-1: Ball 1-1: Ball 2-1: Ball 3-1: Swinging Strike 3-2: Strikes out swinging
|
| Top of the 9th over - 0 runs, 0 hits, 0 errors, 2 left on base; Los Angeles 4 - San Francisco 4 |
| BOTTOM OF THE 9TH |
|
San Francisco Giants batting - Pitching for Los Angeles Dodgers : RHP Jon Harris
|
|
Pitching: RHP Jon Schau
|
|
|
Batting: RHB Bill Defazio
|
0-0: Ball 1-0: Foul Ball, location: 2F 1-1: Ball 2-1: Foul Ball, location: 2F 2-2: Strikes out swinging
|
|
Batting: RHB John Creel
|
0-0: Ball 1-0: Foul Ball, location: 2F 1-1: Fly out, F7 (Flyball, 7D, EV 105.0 MPH)
|
|
Batting: LHB Ryan Braden
|
0-0: Fly out, F6 (Line Drive, 6MD, EV 75.6 MPH)
|
| Bottom of the 9th over - 0 runs, 0 hits, 0 errors, 0 left on base; Los Angeles 4 - San Francisco 4 |
| TOP OF THE 10TH |
|
Los Angeles Dodgers batting - Pitching for San Francisco Giants : RHP Andrew Kindig
|
|
Batting: RHB Wing-kit Bu
|
0-0: Called Strike 0-1: Fly out, F8 (Line Drive, 8LS, EV 96.2 MPH)
|
|
Batting: RHB Clay Buchanan
|
0-0: Ball 1-0: Ball 2-0: Foul Ball, location: 2F 2-1: Ball 3-1: Called Strike 3-2: Fly out, F4 (Flyball, 4MD, EV 94.4 MPH)
|
|
Batting: RHB Tsutomu Irie
|
0-0: Called Strike 0-1: Called Strike 0-2: Ball 1-2: Ball 2-2: Strikes out swinging
|
| Top of the 10th over - 0 runs, 0 hits, 0 errors, 0 left on base; Los Angeles 4 - San Francisco 4 |
| BOTTOM OF THE 10TH |
|
San Francisco Giants batting - Pitching for Los Angeles Dodgers : RHP Jon Schau
|
|
Pitching: RHP Bo Chia
|
|
|
Batting: LHB Jack Henningar
|
0-0: Foul Ball, location: 2F 0-1: Called Strike 0-2: Strikes out swinging
|
|
Batting: SHB Ryan Doss
|
0-0: SOLO HOME RUN (Flyball, 9D, EV 106.9 MPH), Distance : 391 ft
|
| Bottom of the 10th over - 1 run, 1 hit, 0 errors, 0 left on base; Los Angeles 4 - San Francisco 5 |
|